 Dungeon Crawl Stone Soup version 0.28-a0-655-g4eb62b627b (webtiles) character file.

Game seed: 2641006977009039610

652 ytrimaz the Carver (level 7, -5/61 HPs)
             Began as a Minotaur Berserker on Oct 12, 2021.
             Was a Priest of Trog.
             Slain by Duvessa (7 damage)
             ... on level 5 of the Dungeon.
             The game lasted 00:05:25 (3845 turns).

ytrimaz the Carver (Minotaur Berserker)             Turns: 3845, Time: 00:05:26

Health: -5/61      AC:  8    Str: 23    XL:     7   Next: 28%
Magic:  6/6        EV: 11    Int:  4    God:    Trog [***...]
Gold:   198        SH:  0    Dex: 10    Spells: 6/6 levels left

rFire   . . .      SeeInvis .   a - +0 falchion
rCold   . . .      Faith    .   (no shield)
rNeg    . . .      Spirit   .   k - +1 scale mail
rPois   .          Reflect  .   (helmet restricted)
rElec   .          Harm     .   e - scarf {shadows}
rCorr   .          Rampage  .   (no gloves)
Will    .....                   (no boots)
Stlth   ..........              (no amulet)
HPRegen 0.20/turn               (no ring)
MPRegen 0.10/turn               (no ring)

@: no status effects
A: horns 2, retaliatory headbutt
a: Renounce Religion, Berserk, Trog's Hand


You were on level 5 of the Dungeon.
You worshipped Trog.
Trog was most pleased with you.
You visited 1 branch of the dungeon, and saw 5 of its levels.

You collected 198 gold pieces.

Inventory:

Hand Weapons
 a - a +0 falchion (weapon)
Armour
 e - a scarf of shadows (worn)
 k - a +1 scale mail (worn)
Jewellery
 i - an amulet of the acrobat
Scrolls
 b - 2 scrolls of teleportation
 g - a scroll of identify
Potions
 c - 2 potions of curing
 d - 4 potions of heal wounds
 f - a potion of resistance
 h - a potion of cancellation


   Skills:
 + Level 5.0 Fighting
 * Level 8.4 Long Blades
 + Level 4.1 Armour
 + Level 3.5 Dodging


You had 6 spell levels left.
You didn't know any spells.
Your spell library was empty.

Dungeon Overview and Level Annotations

Branches:
Dungeon (5/15)
 Temple: D:4-7

Altars:

Shops:
D:2 =

Annotations:
D:5 Duvessa


Innate Abilities, Weirdness & Mutations

You have a pair of horns on your head.
You reflexively headbutt those who attack you in melee.


Message History

You hit Dowan. You headbutt Dowan.
Dowan is moderately wounded.
You slash Dowan!
Dowan is severely wounded.
Dowan barely misses you.
You closely miss Dowan.
Dowan is severely wounded.
Dowan casts a spell at you.
The puff of flame hits you but does no damage.
You slash Dowan!
You kill Dowan!
Trog accepts your kill.
Trog appreciates your killing of a magic user.
You hear a distant scream of rage.
Things that are here:
a +0 dagger; a +0 robe
Found a dented filigree amulet.
i - an amulet of the acrobat Duvessa, Sister of Dowan comes into view.
She is wielding a +4 rapier of flaming.
Duvessa shouts!
Duvessa goes berserk!
You hear a shout!
An ogre comes into view. It is wielding a +0 giant club.
Duvessa hits you with a +4 rapier of flaming.
Duvessa burns you.
You see here a smoky emerald potion.
Duvessa hits you with a +4 rapier of flaming.
Duvessa burns you.
Duvessa hits you with a +4 rapier of flaming!
Duvessa burns you.
You see here a scroll of fog.
Duvessa hits you with a +4 rapier of flaming!
* * * LOW HITPOINT WARNING * * *
Duvessa burns you.
* * * LOW HITPOINT WARNING * * *
You see here a smoky emerald potion.
Duvessa hits you with a +4 rapier of flaming!
* * * LOW HITPOINT WARNING * * *
Duvessa burns you!
You die...

.###.. .....
###... ..... .
#..# .#
#####..######.#
......?e@"....##
####...#.#......
#...#...#..#
#...##..#..#
#.####.......#..#
................#
#.####.....)...##
#.# #..#......#
#.# #..#.......#


You could see Duvessa (berserk).

Vanquished Creatures
  A black bear (D:4)
  A scorpion (D:3)
  Dowan (D:5)
  A centaur zombie (D:3)
  A bullfrog skeleton (D:4)
  2 orc priests
  2 iguanas (D:4)
  3 orc wizards
  Robin (D:2)
  A gnoll (D:3)
  6 adders
  2 worms
  6 dart slugs
  11 orcs
  6 bats
  6 endoplasms
  4 giant cockroaches
  15 goblins
  9 hobgoblins
  10 jackals
  5 kobolds
  3 quokkas
  6 ball pythons
  5 frilled lizards
  A quokka skeleton (D:4)
  8 rats
117 creatures vanquished.

Notes
Turn   | Place    | Note
-------+----------+-------------------------------------------
     0 | D:1      | ytrimaz the Minotaur Berserker began the quest for the Orb.
     0 | D:1      | Reached XP level 1. HP: 19/19 MP: 0/0
    57 | D:1      | Reached skill level 4 in Long Blades
    57 | D:1      | Reached XP level 2. HP: 22/27 MP: 1/1
   249 | D:1      | Reached XP level 3. HP: 25/33 MP: 2/2
   342 | D:1      | Reached ** piety under Trog
   598 | D:2      | Found a faded altar of an unknown god.
  1135 | D:2      | Noticed Robin
  1138 | D:2      | Reached skill level 5 in Long Blades
  1144 | D:2      | Killed Robin
  1182 | D:2      | Reached XP level 4. HP: 37/40 MP: 3/3
  1734 | D:2      | Found Xaloimoz's Jewellery Emporium.
  1916 | D:3      | Noticed a scorpion
  1923 | D:3      | Killed a scorpion
  1924 | D:3      | Reached skill level 6 in Long Blades
  1924 | D:3      | Reached XP level 5. HP: 47/47 MP: 4/4
  1987 | D:3      | Reached *** piety under Trog
  1988 | D:3      | Reached skill level 7 in Long Blades
  2175 | D:3      | Reached XP level 6. HP: 42/53 MP: 5/5
  3338 | D:4      | Reached skill level 8 in Long Blades
  3338 | D:4      | Reached XP level 7. HP: 55/60 MP: 6/6
  3656 | D:4      | Reached skill level 5 in Fighting
  3806 | D:5      | Entered Level 5 of the Dungeon
  3817 | D:5      | Noticed Dowan
  3830 | D:5      | Killed Dowan
  3839 | D:5      | Noticed Duvessa
  3845 | D:5      | HP: 2/61 [Duvessa (14)]
  3845 | D:5      | Slain by Duvessa

Illustrated notes

Levels and vault maps discovered:
D:1:      heliophobic_arrival_ceremonial_halls, layout_rooms
D:2:      cheibrodos_pilgrimage, layout_loops_ring, serial_shops,
          nicolae_shop_trees, hellmonk_ecumenical_altar_run_dry, uniq_robin
D:3:      layout_rooms, minmay_misc_feat_nine_boxes, kennysheep_generic_room_16
D:4:      layout_basic, small_statue_intersection
D:5:      layout_loops_ring, portal_sewer_entry_a, nicolae_elemental_shop,
          uniq_duvessa, uniq_eustachio

Skill      XL: |  1  2  3  4  5  6  7 |
---------------+----------------------+-----
Long Blades    | 4 5 6 7 8 |  8.4
Fighting       | 4 5 |  5.0
Dodging        | 3 |  3.5
Armour         | 3 4 |  4.1

Action                   |  1- 3 |  4- 6 |  7- 9 || total
-------------------------+-------+-------+-------++-------
Melee: Falchion          |    71 |   123 |    38 ||   232
       Headbutt          |     5 |    28 |     7 ||    40
Invok: Berserk           |     1 |     1 |       ||     2
  Use: Scroll            |     1 |     3 |     6 ||    10
Armor: Animal skin       |    11 |     3 |       ||    14
       Ring mail         |       |    28 |       ||    28
       Scale mail        |       |    30 |     8 ||    38
Dodge: Dodged            |    48 |    88 |    23 ||   159

Table legend: (Time is in decaauts)
 A = Elapsed time spent in this place.
 B = Non-inter-level travel time spent in this place.
 C = Inter-level travel time spent in this place.
 D = Time resting spent in this place.
 E = Time spent auto-exploring this place.
 F = Levels seen in this place.
 G = Mean time per level.
                   A        B        C        D        E       F      G
               +--------+--------+--------+--------+--------+-----+--------+
         Total |   3856 |   3769 |     87 |    271 |   2698 |   5 |  771.2 |
       Dungeon |   3856 |   3769 |     87 |    271 |   2698 |   5 |  771.2 |
               +--------+--------+--------+--------+--------+-----+--------+

Top non-repeatable levels by time:
     D:2: 1315 daAuts
     D:4: 1035 daAuts
     D:3: 867 daAuts
     D:1: 600 daAuts
     D:5: 38 daAuts
